 Dungeon Crawl Stone Soup version 0.31-a0-95-g6fa058ef04 (webtiles) character file.

Game seed: 15788963356772823985

108 Zeldest the Magician (level 4, -2/34 (37) HPs)
             Began as a Draconian Hedge Wizard on May 26, 2023.
             Was a Follower of Fedhas.
             Slain by a wight
             ... wielding a +2 short sword
              (3 damage)
             ... on level 2 of the Dungeon.
             The game lasted 00:02:55 (1664 turns).

Zeldest the Magician (Draconian Hedge Wizard)       Turns: 1664, Time: 00:02:56

HP:   -2/34 (37)    AC:  5    Str: 12    XL:     4   Next: 58%
MP:   9/9           EV: 12    Int: 17    God:    Fedhas [*.....]
Gold: 99            SH:  0    Dex: 10    Spells: 9/10 levels left

rFire   . . .        e - +3 mace
rCold   . . .        (no shield)
rNeg    . . .        (body armour unavailable)
rPois   .            b - +0 hat
rElec   .            (no cloak)
rCorr   .            (no gloves)
SInv    +            (no boots)
Will    .....        (no amulet)
Stlth   ++           o - ring of see invisible
HPRegen 0.25/turn    (no ring)
MPRegen 0.11/turn

%: no passive effects
@: drained
A: AC +5, unfitting armour, cold-blooded
a: Renounce Religion


You were on level 2 of the Dungeon.
You worshipped Fedhas.
Fedhas was aware of your devotion.
You visited 1 branch of the dungeon, and saw 3 of its levels.

You collected 99 gold pieces.

Inventory:

Hand Weapons
 a - a +0 dagger
 e - a +3 mace (weapon)
 q - a +2 war axe of flaming
Armour
 b - a +0 hat (worn)
Jewellery
 o - a ring of see invisible (left hand)
Wands
 p - a wand of flame (19)
Scrolls
 f - a scroll of enchant armour {unknown}
 g - 2 scrolls of blinking {unknown}
 i - 2 scrolls of acquirement {unknown}
 k - a scroll of identify {unknown}
 n - a scroll of magic mapping {unknown}
 r - a scroll of butterflies {unknown}
Potions
 c - a potion of magic
 d - a potion of berserk rage {unknown}
 h - a potion of attraction {unknown}
 j - a potion of cancellation {unknown}
 l - a potion of enlightenment {unknown}
 m - a potion of curing {unknown}


   Skills:
 + Level 2.6 Fighting
 - Level 1.7 Dodging
 - Level 1.7 Stealth
 + Level 3.8 Spellcasting
 - Level 1.2 Conjurations
 * Level 1.2 Summonings
 - Level 2.2 Translocations
 + Level 0.0 Invocations


You had 9 spell levels left.
You knew the following spells:

 Your Spells              Type           Power      Damage    Failure   Level
a - Magic Dart            Conj           28%        1d4       10%         1

Your spell library contained the following spells:

 Spells                   Type           Power      Damage    Failure   Level
 Summon Small Mammal      Summ           28%        N/A       10%         1
 Blink                    Tloc           20%        N/A       10%         2
 Call Imp                 Summ           14%        N/A       14%         2
 Slow                     Hex            12%        N/A       16%         1
 Sublimation of Blood     Necr           3%         N/A       24%         2
 Wereblood                Tmut           3%         N/A       24%         2
 Call Canine Familiar     Summ           7%         N/A       28%         3
 Cigotuvi's Dreadful Rot  Necr/Pois/Air  2%         N/A       32%         2
 Summon Guardian Golem    Hex/Summ       3%         N/A       41%         3
 Mephitic Cloud           Conj/Pois/Air  2%         N/A       47%         3
 Summon Hydra             Summ           3%         N/A       100%        7


Dungeon Overview and Level Annotations

Branches:
Dungeon (3/15) Zot: 16274

Altars:
Fedhas

Annotations:
D:3 Ijyb


Innate Abilities, Weirdness & Mutations

Your plain brown scales are hard. (AC +5)
You cannot fit into any form of body armour.
You are cold-blooded and may be slowed by cold attacks.


Message History

The orc is heavily wounded.
The orc hits you with a +0 club.
You hit the orc but do no damage. You tail-slap the orc.
The orc is severely wounded.
The orc closely misses you. x2
You closely miss the orc.
The orc is severely wounded.
The orc closely misses you.
You hit the orc.
You kill the orc!
Fedhas appreciates your contribution to the ecosystem.
The wight closely misses you.
You completely miss the wight. The wight closely misses you.
You closely miss the wight.
You tail-slap the wight, but do no damage.
The wight hits you with a +2 short sword.
You hit the wight.
The wight is heavily damaged.
The wight hits you with a +2 short sword!
You feel drained.
The wight hits you with a +2 short sword.
You barely miss the wight. You tail-slap the wight.
You punch the wight, but do no damage.
The wight is heavily damaged.
The wight misses you.
You hit the wight. You tail-slap the wight.
The wight is severely damaged.
The wight barely misses you. The wight closely misses you.
You closely miss the wight.
The wight is severely damaged.
The wight hits you with a +2 short sword!
* * * LOW HITPOINT WARNING * * *
You closely miss the wight.
You tail-slap the wight, but do no damage.
The wight is severely damaged.
The wight hits you with a +2 short sword!
* * * LOW HITPOINT WARNING * * *
You feel drained.
You die...
Fedhas appreciates your contribution to the ecosystem.

≈≈#...#≈≈≈≈#..........##.# ##...
≈≈#._.#≈≈≈≈#..........##.# ##.#
≈≈#...#≈≈≈≈#............## #.#
≈≈##'##≈≈≈≈#..........###♣♣♣ #.#
≈≈≈#.##~≈~.#...........##♣.♣ #.#
~≈##...~≈~...>..........#♣.♣ #..
######.~##........).....#♣.♣ ##..
######.###.....##.......#♣.♣##...
...............z@.......#♣.♣#....
######.###.....##.......#♣.♣##...
## #.# ##....###########)# ####
.# #.#####.#.# ♣♣♣♣♣♣♣##.##♣♣♣♣
.# #.........# ♣........♣......
.# #######.### ♣♣♣♣♣♣♣##.##♣♣♣♣
.# #.# ### #.# .# ####.### #.#
♣.♣ .# #......######.###♣.♣


You could see a wight.

Vanquished Creatures
  An orc wizard (D:2)
  3 adders (D:2)
  5 orcs (D:2)
  5 bats
  4 endoplasms (D:2)
  3 giant cockroaches
  3 goblins
  4 jackals (D:1)
  3 kobolds
  4 quokkas
  8 ball pythons
  A frilled lizard (D:1)
  5 rats
49 creatures vanquished.

Notes
Turn   | Place    | Note
-------+----------+-------------------------------------------
     0 | D:1      | Zeldest the Draconian Hedge Wizard began the quest for the
                  | Orb.
     0 | D:1      | Reached XP level 1. HP: 14/14 MP: 4/4
   124 | D:1      | Reached skill level 1 in Fighting
   124 | D:1      | Reached XP level 2. HP: 23/23 MP: 6/6
   626 | D:2      | Reached XP level 3. HP: 25/28 MP: 7/7
   883 | D:2      | Reached XP level 4. HP: 36/36 MP: 9/9
  1127 | D:2      | Identified the +3 robe "Xajedgh" {Str+3}
  1211 | D:2      | Found a faded altar of an unknown god.
  1630 | D:2      | Prayed at the altar of an unknown god.
  1630 | D:2      | Became a worshipper of Fedhas Madash
  1630 | D:2      | Reached * piety under Fedhas
  1645 | D:3      | Noticed Ijyb
  1664 | D:2      | HP: 1/36 [wight/+2 short sword (9)]
  1664 | D:2      | Slain by a wight

Illustrated notes

Levels and vault maps discovered:
D:1:      saegor_arrival_simple_a, layout_rooms, dreamdust_princess_corridor
D:2:      layout_loops_corners, nicolae_ecumenical_lake_church,
          minmay_misc_feat_x, kennysheep_cross_bottleneck
D:3:      layout_rooms, okawaru_gym_becter, uniq_ijyb, uniq_robin, uniq_jessica

Skill      XL: |  1  2  3 |
---------------+----------+-----
Fighting       | 1 2 |  2.6
Translocations | 2 |  2.2
Dodging        | |  1.7
Stealth        | |  1.7
Spellcasting   | |  3.8
Conjurations   | |  1.2
Summonings     | |  1.2

Action                     |  1- 3 |  4- 6 || total
---------------------------+-------+-------++-------
  Melee: Mace              |   109 |    43 ||   152
         Tailslap          |     7 |    13 ||    20
         Punch             |     3 |     1 ||     4
   Stab: Sleeping          |     3 |       ||     3
 Armour: Skin              |    41 |    12 ||    53
  Dodge: Dodged            |    63 |    36 ||    99

Table legend: (Time is in decaauts)
 A = Elapsed time spent in this place.
 B = Non-inter-level travel time spent in this place.
 C = Inter-level travel time spent in this place.
 D = Time resting spent in this place.
 E = Time spent auto-exploring this place.
 F = Levels seen in this place.
 G = Mean time per level.
                   A        B        C        D        E       F      G
               +--------+--------+--------+--------+--------+-----+--------+
         Total |   1724 |   1623 |    101 |    185 |    975 |   3 |  574.7 |
       Dungeon |   1724 |   1623 |    101 |    185 |    975 |   3 |  574.7 |
               +--------+--------+--------+--------+--------+-----+--------+

Top non-repeatable levels by time:
     D:2: 1174 daAuts
     D:1: 546 daAuts
     D:3: 2 daAuts
